 Dungeon Crawl Stone Soup version 0.25-a0-167-g836c352ace (webtiles) character file.

Game seed: 14997101391406998073, levelgen mode: deterministic

120 Leeroy the Conjurer (level 4, -8/33 HPs)
             Began as a Draconian Conjurer on Nov 25, 2019.
             Mangled by Sigmund
             ... wielding a +0 scythe
              (12 damage)
             ... on level 3 of the Dungeon.
             The game lasted 00:04:37 (2002 turns).

Leeroy the Conjurer (Draconian Conjurer)            Turns: 2002, Time: 00:04:40

Health: -8/33      AC:  5    Str: 10    XL:     4   Next: 75%
Magic:  7/7        EV: 17    Int: 17    God:
Gold:   188        SH:  3    Dex: 16    Spells: 4/7 levels left

rFire    . . .     SeeInvis .   d - +1 falchion (elec)
rCold    . . .     Gourm    .   (no shield)
rNeg     + . .     Faith    .   (armour unavailable)
rPois    .         Spirit   .   (helmet restricted)
rElec    .         Reflect  +   (no cloak)
rCorr    .         Harm     .   (no gloves)
MR       .....                  (no boots)
Stlth    +++.......             u - +3 amulet of reflection
HPRegen  0.11/turn              r - ring of flight
MPRegen  0.10/turn              p - ring of positive energy

@: agile, lethally poisoned (-8 -> -17)
A: unfitting armour, cold-blooded, AC +5
a: Evoke Flight


You were on level 3 of the Dungeon.
You were not hungry.

You visited 1 branch of the dungeon, and saw 4 of its levels.

You collected 188 gold pieces.

Inventory:

Hand Weapons
 d - a +1 falchion of electrocution (weapon)
 f - a +0 short sword
Missiles
 j - 12 poisoned darts (quivered)
 m - 3 boomerangs
Jewellery
 p - a ring of positive energy (right hand)
 r - a ring of flight (left hand)
 u - a +3 amulet of reflection (around neck)
Wands
 t - a wand of paralysis (11)
Scrolls
 a - 2 scrolls of fear {unknown}
 c - a scroll of immolation {unknown}
 e - a scroll of enchant armour {unknown}
 g - 2 scrolls of teleportation
 h - 2 scrolls of amnesia {unknown}
 i - a scroll of identify
 o - a scroll of fog {unknown}
Potions
 k - 3 potions of might
 l - a potion of resistance {unknown}
 n - a potion of agility
 q - 2 potions of heal wounds {unknown}
 s - a potion of berserk rage
 v - a potion of mutation {unknown}
Comestibles
 b - 5 rations
 w - a chunk of flesh


   Skills:
 - Level 0.1(0.7) Short Blades
 - Level 1.2 Long Blades
 - Level 1.7 Dodging
 - Level 1.7 Stealth
 - Level 2.0 Spellcasting
 + Level 5.9 Conjurations


You had 4 spell levels left.
You knew the following spells:

 Your Spells              Type           Power        Failure   Level  Hunger
a - Magic Dart            Conj           ###.         1%          1    #......
b - Searing Ray           Conj           ###...       2%          2    ###....

Your spell library contained the following spells:

 Spells                   Type           Power        Failure   Level  Hunger
 Dazzling Spray           Conj/Hex       ##....       17%         3    ###....
 Iskenderun's Mystic Bla  Conj           ###.....     17%         4    #####..
 Force Lance              Conj/Tloc      ##......     50%         4    #####..
 Fulminant Prism          Conj/Hex       ##........   50%         4    #####..


Dungeon Overview and Level Annotations

Branches:
Dungeon (4/15)
 Temple: D:4-7

Altars:

Annotations:
D:3 Jessica, Sigmund


Innate Abilities, Weirdness & Mutations

Your plain brown scales are hard. (AC +5)
You cannot fit into any form of body armour.
You are cold-blooded and may be slowed by cold attacks.


Message History

You feel sick. You block the killer bee's attack. The killer bee stings you.
* * * LOW HITPOINT WARNING * * *
You are lethally poisoned!
The killer bee poisons you!
* * * LOW HITPOINT WARNING * * *
You feel sick. The killer bee misses you.
You riposte.
You miss the killer bee.
Your tail-slap misses the killer bee.
Your surroundings suddenly seem different.
* * * LOW HITPOINT WARNING * * *
You feel sick.
Sigmund the Dreaded comes into view.
He is wielding a +0 scythe.
Unknown command.
It was a potion of agility.
You feel agile all of a sudden.
* * * LOW HITPOINT WARNING * * *
You feel sick.
Sigmund shouts!
Sigmund hits you from afar with a +0 scythe!
You die...

##########
#...@.@..#
#.#####...#
##### ...
..... #
#####


You could see Sigmund.

Vanquished Creatures
  A killer bee (D:3)
  Ijyb (D:3)
  An adder (D:3)
  A worm (D:3)
  2 dart slugs
  An orc (D:2)
  A giant cockroach (D:1)
  5 goblins
  4 hobgoblins
  2 quokkas (D:3)
  2 bats
  A frilled lizard (D:1)
  13 kobolds
  5 rats
40 creatures vanquished.

Notes
Turn   | Place    | Note
-------+----------+-------------------------------------------
     0 | D:1      | Leeroy the Draconian Conjurer began the quest for the Orb.
     0 | D:1      | Reached XP level 1. HP: 14/14 MP: 3/3
   287 | D:1      | Reached XP level 2. HP: 13/20 MP: 1/5
   293 | D:1      | Learned a level 2 spell: Searing Ray
  1132 | D:2      | Reached XP level 3. HP: 25/26 MP: 6/6
  1282 | D:2      | Reached skill level 5 in Conjurations
  1879 | D:3      | Found a faded altar of an unknown god.
  1879 | D:3      | Noticed Ijyb
  1883 | D:4      | Noticed an ogre
  1953 | D:3      | Killed Ijyb
  1953 | D:3      | Reached skill level 1 in Long Blades
  1953 | D:3      | Reached XP level 4. HP: 18/33 MP: 7/7
  1987 | D:3      | Noticed Jessica
  2002 | D:3      | Noticed Sigmund
  2002 | D:3      | Mangled by Sigmund

Levels and vault maps discovered:
D:1:      matt_arrival_grand_opening, layout_rooms, serial_bayou_pond_b
D:2:      layout_rooms, minmay_misc_feat_pillars
D:3:      layout_loops_ring, chequers_ecumenical_altar_simple, uniq_sigmund,
          uniq_jessica, uniq_crazy_yiuf_cottage, uniq_ijyb
D:4:      layout_basic, overflow_temple_1_default, first_ration

Skill      XL: |  1  2  3 |
---------------+----------+-----
Conjurations   | 5 |  5.9
Long Blades    | 1 |  1.2
Short Blades   | |  0.1
Dodging        | |  1.7
Stealth        | |  1.7
Spellcasting   | |  2.0

Action                   |  1- 3 |  4- 6 || total
-------------------------+-------+-------++-------
Melee: Unarmed           |    42 |       ||    42
       Tailslap          |     9 |       ||     9
       Falchion          |    77 |     1 ||    78
       Short sword       |    13 |       ||    13
 Cast: Magic Dart        |     9 |       ||     9
       Searing Ray       |     1 |       ||     1
  Use: Scroll            |     4 |     1 ||     5
       Potion            |       |     1 ||     1
 Stab: Sleeping          |     6 |       ||     6
  Eat: Chunk             |     4 |       ||     4
Armor: Skin              |    40 |     1 ||    41
Dodge: Dodged            |    91 |     5 ||    96
Block: Other             |     6 |     1 ||     7
       Rpst.: Falchion   |    14 |     3 ||    17

Table legend:
 A = Non-vault XP
 B = Vault XP
 C = Vault XP percentage of total XP
 D = Non-vault monster count
 E = Vault monster count
 F = Vault count percentage of total count
                 A         B        C        D         E       F
            +---------+---------+-------+---------+---------+-------
      Total |     130 |      42 |  24.4 |      35 |       5 |  12.5
            +---------+---------+-------+---------+---------+-------
        D:1 |      15 |       6 |  28.6 |      10 |       4 |  28.6
        D:2 |      32 |       0 |   0.0 |      18 |       0 |   0.0
        D:3 |      83 |      36 |  30.3 |       7 |       1 |  12.5
            +---------+---------+-------+---------+---------+-------
